 Dungeon Crawl Stone Soup version 0.20-a0-494-gf50ee04 (webtiles) character file.

21 MackTheKnife the Covered (level 2, 0/23 HPs)
             Began as a Barachian Wanderer on Jan 17, 2017.
             Slain by a jackal (2 damage)
             ... on level 2 of the Dungeon.
             The game lasted 00:00:53 (432 turns).

MackTheKnife the Covered (Barachian Wanderer)        Turns: 432, Time: 00:00:54

Health: 0/23       AC:  5    Str:  9    XL:     2   Next: 83%
Magic:  5/5        EV:  9    Int: 10    God:
Gold:   33         SH:  0    Dex: 11    Spells: 5/5 levels left

rFire    . . .     SeeInvis .   c - +0 hand axe
rCold    . . .     Gourm    .   b - +0 ring mail
rNeg     . . .     Faith    .   (no shield)
rPois    .         Spirit   .   (no helmet)
rElec    .         Reflect  .   (no cloak)
rCorr    .         Harm     .   (no gloves)
MR       .....                  (no boots)
Stlth    +.........             (no amulet)
Regen    0.1/turn               (no ring)
                                (no ring)

@: slow
A: swims, slowness 1, strong legs 1
a: Hop


You were on level 2 of the Dungeon.
You were not hungry.

You visited 1 branch of the dungeon, and saw 2 of its levels.

You collected 33 gold pieces.

Inventory:

Hand Weapons
 c - a +0 hand axe (weapon)
Armour
 b - a +0 ring mail (worn)
Scrolls
 e - a scroll of identify {unknown}
 f - a scroll of enchant weapon {unknown}
Books
 a - a book of Necromancy
Comestibles
 d - a bread ration {@e1}


   Skills:
 + Level 2.6 Fighting
 + Level 1.6 Axes
 + Level 2.8 Armour
   Level 1.0 Shields
 - Level 2.0 Spellcasting
   Level 1.0 Necromancy
   Level 1.0 Evocations


You had 5 spell levels left.
You didn't know any spells.

Dungeon Overview and Level Annotations

Branches:
Dungeon (2/15)

Altars:


Innate Abilities, Weirdness & Mutations

You can swim through water.
You cover ground slowly.
You can hop short distances.


Message History

You hit the hobgoblin but do no damage.
The hobgoblin hits you but does no damage.
The hobgoblin barely misses you.
You hit the hobgoblin but do no damage. The hobgoblin barely misses you.
You hit the hobgoblin but do no damage. The hobgoblin barely misses you.
The hobgoblin closely misses you.
You hit the hobgoblin but do no damage. The hobgoblin hits you with a club. x2
You take 5 damage, and have 7/23 hp.
MASSIVE DAMAGE!!
You hit the hobgoblin.
You kill the hobgoblin!
You see here a club.
You start resting.
A kobold comes into view. It is wielding a dagger.
You regained 3 hp, and now have 11/23 hp.
Unknown command.
You see here 16 arrows.
The kobold shouts!
You hear a shout!
The kobold hits you with a dagger.
You see here 16 arrows.
You take 2 damage, and have 9/23 hp.
You hit the kobold. The kobold closely misses you.
A hobgoblin comes into view. It is wielding a club.
You miss the kobold.
The hobgoblin moves out of view.
The kobold hits you with a dagger.
You take 1 damage, and have 8/23 hp.
You barely miss the kobold. The kobold misses you.
You hit the kobold.
You kill the kobold!
Things that are here:
a dagger; a club; a kobold corpse You barely miss the hobgoblin.
The hobgoblin hits you with a club.
* * * LOW HITPOINT WARNING * * *
You take 4 damage, and have 4/23 hp.
You barely miss the hobgoblin.
The hobgoblin hits you but does no damage.
You hit the hobgoblin but do no damage. The hobgoblin closely misses you.
Your ring mail prevents you from hitting the hobgoblin.
The hobgoblin hits you but does no damage.
The hobgoblin barely misses you.
You hit the hobgoblin. The hobgoblin closely misses you.
You barely miss the hobgoblin.
The hobgoblin hits you but does no damage.
You hit the hobgoblin. The hobgoblin hits you with a club.
* * * LOW HITPOINT WARNING * * *
You take 4 damage, and have 1/23 hp.
You barely miss the hobgoblin.
The hobgoblin hits you but does no damage.
You barely miss the hobgoblin.
The hobgoblin hits you but does no damage.
You hit the hobgoblin.
You kill the hobgoblin!
You start resting.
A jackal comes into view.
You regained 4 hp, and now have 5/23 hp.
The jackal barks!
You completely miss the jackal. The jackal bites you.
* * * LOW HITPOINT WARNING * * *
The jackal barely misses you.
You take 1 damage, and have 4/23 hp.
You closely miss the jackal.
The jackal bites you but does no damage. x2
You hit the jackal.
The jackal bites you but does no damage.
A jackal comes into view.
You barely miss the jackal.
The jackal barks!
You hear a bark!
The jackal misses you. The jackal closely misses you.
A jackal comes into view.
You aren't carrying any potions.
You see here 16 arrows.
The jackal bites you but does no damage. x2
There is a stone staircase leading down here.
The jackal bites you.
* * * LOW HITPOINT WARNING * * *
The jackal bites you but does no damage.
The jackal bites you.
* * * LOW HITPOINT WARNING * * *
The jackal closely misses you. The rat closely misses you.
The jackal closely misses you.
You climb downwards.
A rat comes into view.
There is a stone staircase leading up here.
You take 2 damage, and have 3/23 hp.
Unknown command.
You closely miss the rat. You hit the jackal.
You kill the jackal!
You closely miss the jackal. x2
The jackal bites you but does no damage.
The jackal barely misses you. The rat barely misses you.
You barely miss the rat. You barely miss the jackal. You hit the jackal.
The jackal bites you.
* * * LOW HITPOINT WARNING * * *
The jackal misses you. The jackal barely misses you. x2
The rat bites you but does no damage.
You take 1 damage, and have 2/23 hp.
You hit the rat.
You kill the rat!
You hit the jackal. You closely miss the jackal. The jackal bites you.
You die...

.############..
.......hhr.....
#@# #.# ...
..### ... ....
..... #....(


You could see 2 jackals and a rat.

Vanquished Creatures
  An ooze (D:1)
  A dart slug (D:1)
  2 giant cockroaches (D:1)
  2 hobgoblins (D:1)
  A jackal (D:2)
  A ball python (D:1)
  A frilled lizard (D:1)
  A goblin (D:1)
  3 kobolds (D:1)
  2 rats
15 creatures vanquished.

Vanquished Creatures (others)
  4 toadstools (D:1)
4 creatures vanquished.

Grand Total: 19 creatures vanquished

Notes
Turn   | Place    | Note
-------+----------+-------------------------------------------
     0 | D:1      | MackTheKnife the Barachian Wanderer began the quest for the Orb.
     0 | D:1      | MackTheKnife set off with: a book of Necromancy, a +0 ring mail, a +0 hand axe, a bread ration {@e1}
     0 | D:1      | Reached XP level 1. HP: 16/16 MP: 3/3
    89 | D:1      | Reached XP level 2. HP: 20/23 MP: 5/5
   165 | D:1      | HP: 3/23 [dart slug/slug dart (5)]
   358 | D:1      | HP: 4/23 [hobgoblin/club (4)]
   364 | D:1      | HP: 1/23 [hobgoblin/club (4)]
   422 | D:1      | HP: 4/23 [jackal (1)]
   428 | D:1      | HP: 4/23 [jackal (1)]
   432 | D:2      | Slain by a jackal

Vault maps used:
D:1:      ldierk_walled_garden_2, st_stairs_9
D:2:      first_bread, minmay_ruptured

Action                   || total
-------------------------++-------
Melee: Hand axe          ||    70
Armor: Ring mail         ||    36
Dodge: Dodged            ||    42

Vault maps used:
D:1:      ldierk_walled_garden_2, st_stairs_9
D:2:      first_bread, minmay_ruptured

Table legend:
 A = Turns spent in this place as a percentage of turns spent in the entire game.
 B = Non-inter-level travel turns spent in this place as a percentage of non-inter-level travel turns spent in the entire game.
 C = Inter-level travel turns spent in this place as a percentage of turns spent in this place.
 D = Turns resting spent in this place as a percentage of non-inter-level travel turns spent in this place.
 E = Turns spent auto-exploring this place as a percentage of non-inter-level travel turns spent in this place.
 F = Non-inter-level travel turns spent in this place divided by the number of levels of this place that you've seen.
                   A       B       C       D       E      F
               +-------+-------+-------+-------+-------+----------------------
         Total | 100.0 | 100.0 |   0.0 |   5.6 |   6.3 |  71.0
       Dungeon | 100.0 | 100.0 |   0.0 |   5.6 |   6.3 |  71.0
               +-------+-------+-------+-------+-------+----------------------

Table legend:
 A = Kills in this place as a percentage of kills in entire the game.
 B = Kills by you in this place as a percentage of kills by you in the entire game.
 C = Kills by friends in this place as a percentage of kills by friends in the entire game.
 D = Other kills in this place as a percentage of other kills in the entire game.
 E = Experience gained in this place as a percentage of experience gained in the entire game.
 F = Experience gained in this place divided by the number of levels of this place that you have seen.
                   A       B       C       D       E      F
               +-------+-------+-------+-------+-------+----------------------
         Total | 100.0 | 100.0 |  -nan |  -nan | 100.0 |  15.0
       Dungeon | 100.0 | 100.0 |  -nan |  -nan | 100.0 |  15.0
               +-------+-------+-------+-------+-------+----------------------
